 Dungeon Crawl Stone Soup version 0.31-a0-868-g674d60d6f7 (webtiles) character file.

Game seed: 13309438839319946085

1606 D12ThenQuit the Chiller (level 8, 0/48 HPs)
             Began as an Octopode Artificer on Oct 11, 2023.
             Was an Initiate of Dithmenos.
             Slain by an orc warrior
             ... wielding a +0 scimitar
              (17 damage)
             ... on level 8 of the Dungeon.
             The game lasted 00:14:15 (6613 turns).

D12ThenQuit the Chiller (Octopode Artificer)        Turns: 6613, Time: 00:14:16

Health: 0/48       AC:  1    Str: 11    XL:     8   Next: 94%
Magic:  11/14      EV: 18    Int: 15    God:    Dithmenos [......]
Gold:   250        SH:  0    Dex: 13    Spells: 8/15 levels left

rFire   . . .        a - +4 dagger (venom)
rCold   . . .        (no shield)
rNeg    . . .        (helmet restricted)
rPois   .            (no amulet)
rElec   .            f - +5 ring of evasion
rCorr   .            (no ring)
SInv    .            (no ring)
Will    .....        (no ring)
Stlth   +++          (no ring)
HPRegen 0.28/turn    (no ring)
MPRegen 0.14/turn    (no ring)
                     (no ring)

%: no passive effects
@: freezing walls
A: almost no armour, amphibious, 8 rings, camouflage 1, gelatinous body 1,
(nimble swimmer 1), tentacles
a: Renounce Religion


You were on level 8 of the Dungeon.
You worshipped Dithmenos.
Dithmenos was noncommittal.
You visited 2 branches of the dungeon, and saw 9 of its levels.

You collected 250 gold pieces.

Inventory:

Hand Weapons
 a - a +4 dagger of venom (weapon)
 h - a +0 club
 s - a +0 rapier of protection
 x - a +1 halberd of venom
Magical Staves
 u - a staff of conjuration
Jewellery
 f - a +5 ring of evasion (left tentacle)
Wands
 b - a wand of flame (13) (quivered)
 c - a wand of charming (15)
 d - a wand of iceblast (13)
 l - a wand of paralysis (8)
 w - a wand of quicksilver (7)
Scrolls
 e - 2 scrolls of poison
 g - 2 scrolls of amnesia
 j - 2 scrolls of teleportation {unknown}
 k - 2 scrolls of vulnerability
 p - a scroll of fog
 r - a scroll of enchant armour
 t - a scroll of noise
 y - a scroll of fear {unknown}
Potions
 i - 2 potions of invisibility {unknown}
 m - a potion of mutation
 o - 5 potions of curing
 v - 2 potions of heal wounds {unknown}
 z - a potion of resistance {unknown}


   Skills:
 - Level 1.5 Fighting
 - Level 2.3 Dodging
 + Level 3.3 Stealth
 - Level 4.0 Spellcasting
 - Level 5.0 Conjurations
 - Level 6.0 Ice Magic
 + Level 4.9 Earth Magic
 - Level 3.2 Evocations


You had 8 spell levels left.
You knew the following spells:

 Your Spells              Type           Power      Damage    Failure   Level
a - Freeze                Ice            84%        1d9       1%          1
b - Frozen Ramparts       Ice            42%        1d7       4%          3
c - Stone Arrow           Conj/Erth      34%        3d9       7%          3

Your spell library contained the following spells:

 Spells                   Type           Power      Damage    Failure   Level
 Hailstorm                Conj/Ice       19%        3d6       5%          3
 Foxfire                  Conj/Fire      40%        2x1d6     6%          1
 Lesser Beckoning         Tloc           6%         N/A       26%         2
 Wereblood                Tmut           3%         N/A       26%         2
 Gell's Gravitas          Tloc           3%         N/A       47%         3
 Teleport Other           Tloc           3%         N/A       47%         3
 Irradiate                Conj/Tmut      5%         3d13      87%         5
 Plasma Beam              Fire/Air       1%         2x1d11    100%        6
 Starburst                Conj/Fire      5%         6d4       100%        6
 Lehudib's Crystal Spear  Conj/Erth      8%         10d4      100%        8
 Animate Armour           Summ/Erth      Unusable   N/A       N/A         4

Dungeon Overview and Level Annotations

Branches:
Dungeon (8/15)             Temple (1/1) D:7
   Lair: D:8-11

Altars:
Ashenzari
Cheibriados
Dithmenos
Fedhas
Gozag
Hepliaklqana
Kikubaaqudgha
Makhleb
Nemelex Xobeh
Okawaru
Qazlal
Ru
Sif Muna
Trog
Vehumet
Wu Jian
Xom
Yredelemnul
Zin
The Shining One

Annotations:
D:3 1 runed translucent door, Crazy Yiuf


Innate Abilities, Weirdness & Mutations

You cannot wear most types of armour.
You are amphibious.
You can wear up to eight rings at the same time.
Your skin changes colour to match your surroundings (Stealth+).
Your rubbery body absorbs attacks. (AC +1, EV +1)
((You are camouflaged when in or above water. (Stealth+)))
You have tentacles for arms and can constrict up to eight enemies at once.


Message History

You hit the orc priest but do no damage.
The orc priest is poisoned.
You squeeze the orc priest.
The orc priest is heavily wounded.
You constrict the orc priest. The orc priest completely misses you.
You hit the orc priest.
You kill the orc priest!
Dithmenos accepts your kill.
You barely miss the orc warrior.
The orc shouts!
Your grab misses the orc warrior. The orc warrior barely misses you.
You hit the orc warrior but do no damage.
The orc warrior is poisoned.
Your grab misses the orc warrior.
You hit the orc warrior but do no damage.
The orc warrior looks as sick as possible!
Your grab misses the orc warrior. Your squeeze misses the orc warrior.
The orc warrior hits you with a +0 scimitar.
The orc barely misses you.
You hit the orc warrior but do no damage.
Your grab misses the orc warrior. Your squeeze misses the orc warrior.
The orc warrior is lightly wounded.
The orc warrior barely misses you. The orc hits you with a +0 club.
You closely miss the orc warrior. Your grab misses the orc warrior.
You squeeze the orc warrior, but do no damage.
The orc warrior is lightly wounded.
The orc warrior misses you. The orc closely misses you.
You hit the orc warrior but do no damage.
The orc warrior looks as sick as possible!
You grab the orc warrior.
The orc warrior is lightly wounded.
You constrict the orc warrior, but do no damage.
The orc warrior hits you with a +0 scimitar!
The orc misses you.
Cast which spell? (? or * to list)
Casting: Frozen Ramparts (dangerous; 4% risk of failure)
Press: ? - help, Dir - look around, f - activate The walls around you are covered in ice.
You constrict the orc warrior.
The wall freezes the orc warrior but does no damage.
The orc warrior hits you with a +0 scimitar!
You die...

#########
#.....@o#
#.#####o#
#.#####.####
#.##.......#
#####
#.##.#####.#
#...#####.##
#.#
#......(..#
#†..oo.#
#..#########
#.####o#
#..###.....##
####.#


You could see an orc warrior (extremely poisoned) and an orc.

Vanquished Creatures
  3 black bears
  An ogre (D:7)
  A kobold brigand (D:7)
  3 bullfrogs
  2 scorpions
  3 howler monkeys
  2 hounds
  3 orc priests
  A jelly (D:5)
  2 gnoll boudas (D:6)
  2 sleepcaps
  Jessica (D:2)
  5 iguanas
  An orc wizard (D:4)
  11 gnolls
  8 adders
  A worm (D:4)
  2 dart slugs
  18 orcs
  4 bats
  6 endoplasms
  A giant cockroach (D:2)
  5 goblins
  4 hobgoblins
  3 jackals
  8 kobolds
  4 quokkas
  7 ball pythons
  4 frilled lizards
  8 rats
124 creatures vanquished.

Notes
Turn   | Place    | Note
-------+----------+-------------------------------------------
     0 | D:1      | D12ThenQuit the Octopode Artificer began the quest for the
                  | Orb.
     0 | D:1      | Reached XP level 1. HP: 13/13 MP: 1/1
   131 | D:1      | Reached XP level 2. HP: 18/18 MP: 2/2
   163 | D:1      | Learned a level 1 spell: Freeze
   755 | D:2      | Noticed Jessica
   780 | D:2      | Reached skill level 1 in Ice Magic
   783 | D:2      | Reached XP level 3. HP: 19/23 MP: 0/4
   796 | D:2      | Reached skill level 1 in Spellcasting
  1045 | D:2      | Found a faded altar of an unknown god.
  1286 | D:2      | Identified the +7 storm dragon scales "Nazueb" {+Inv rElec
                  | rN++}
  1376 | D:2      | Killed Jessica
  1377 | D:2      | Reached skill level 2 in Ice Magic
  1377 | D:2      | Reached XP level 4. HP: 27/28 MP: 4/6
  2176 | D:3      | Reached skill level 3 in Ice Magic
  2176 | D:3      | Reached XP level 5. HP: 19/33 MP: 6/8
  2299 | D:3      | Found a runed translucent door.
  2300 | D:3      | Noticed Crazy Yiuf
  2458 | D:3      | Found a glowing silver altar of Zin.
  2817 | D:4      | Found an ancient bone altar of Kikubaaqudgha.
  2899 | D:3      | Reached skill level 4 in Ice Magic
  2906 | D:3      | Learned a level 3 spell: Frozen Ramparts
  3317 | D:4      | Reached XP level 6. HP: 31/38 MP: 9/9
  3407 | D:4      | Reached skill level 5 in Ice Magic
  3558 | D:5      | Entered Level 5 of the Dungeon
  3916 | D:5      | Found a burning altar of Makhleb.
  3951 | D:5      | Learned a level 3 spell: Stone Arrow
  4143 | D:6      | Reached skill level 6 in Ice Magic
  4143 | D:6      | Reached XP level 7. HP: 22/43 MP: 7/10
  4433 | D:6      | Reached skill level 1 in Conjurations
  4441 | D:6      | Reached skill level 1 in Earth Magic
  5257 | D:6      | Reached XP level 8. HP: 37/48 MP: 9/12
  5498 | D:7      | Identified the +3 leather armour of the Original Sin
                  | {*Corrode rF+++ Regen+}
  5558 | D:7      | Found a blossoming altar of Fedhas.
  5903 | D:7      | Found a staircase to the Ecumenical Temple.
  5971 | Temple   | Entered the Ecumenical Temple
  6463 | Temple   | Became a worshipper of Dithmenos the Shadowed
  6530 | D:8      | Found a broken altar of Ashenzari.
  6530 | D:8      | Found a bloodstained altar of Trog.
  6539 | D:8      | Found an opulent altar of Gozag.
  6542 | D:8      | Found a hazy altar of Hepliaklqana.
  6542 | D:8      | Found a shimmering blue altar of Sif Muna.
  6545 | D:8      | Found a snail-covered altar of Cheibriados.
  6548 | D:8      | Found a radiant altar of Vehumet.
  6589 | D:8      | Reached skill level 5 in Conjurations
  6613 | D:8      | Slain by an orc warrior

Illustrated notes

Levels and vault maps discovered:
D:1:      roderic_chinese_lattice_arrival, layout_loops_ring
D:2:      layout_loops_corners, dreamdust_ecumenical_altar_statues,
          minmay_unequal, uniq_jessica
D:3:      layout_basic, lemuel_round_altar, uniq_crazy_yiuf_cottage
D:4:      layout_basic, mainiacjoe_overflow_catwalk
D:5:      layout_gridville, lemuel_round_altar
D:6:      layout_gridville
D:7:      layout_basic, fedhas_altar_1, temple_hall_moat
D:8:      layout_loops_ring, nicolae_overflow_hallway_of_the_gods,
          david_lair_shrubbed, wad_hexagon, uniq_joseph
Temple:   compressed_dpeg_triangle_lava_temple

Skill      XL: |  1  2  3  4  5  6  7  8 |
---------------+-------------------------+-----
Stealth        | 2 3 |  3.3
Ice Magic      | 1 2 3 4 6 |  6.0
Spellcasting   | 1 2 3 4 |  4.0
Conjurations   | 2 5 |  5.0
Earth Magic    | 2 4 |  4.9
Fighting       | |  1.5
Dodging        | |  2.3
Evocations     | |  3.2

Action                     |  1- 3 |  4- 6 |  7- 9 || total
---------------------------+-------+-------+-------++-------
  Melee: Club              |    19 |       |       ||    19
         Constrict         |    15 |    29 |    26 ||    70
         Tentacles         |     6 |    29 |    23 ||    58
         Dagger            |    40 |   101 |    93 ||   234
         Punch             |     1 |     1 |     3 ||     5
   Cast: Freeze            |     6 |     5 |    16 ||    27
         Frozen Ramparts   |       |       |    16 ||    16
  Evoke: Wand              |       |     2 |     2 ||     4
    Use: Scroll            |       |     2 |     9 ||    11
         Potion            |       |       |     1 ||     1
   Stab: Sleeping          |     6 |    11 |     2 ||    19
 Armour: Skin              |    20 |    25 |    45 ||    90
  Dodge: Dodged            |    48 |    56 |    97 ||   201

Table legend: (Time is in decaauts)
 A = Elapsed time spent in this place.
 B = Non-inter-level travel time spent in this place.
 C = Inter-level travel time spent in this place.
 D = Time resting spent in this place.
 E = Time spent auto-exploring this place.
 F = Levels seen in this place.
 G = Mean time per level.
                   A        B        C        D        E       F      G
               +--------+--------+--------+--------+--------+-----+--------+
         Total |   6619 |   6229 |    390 |    673 |   3799 |   9 |  735.4 |
       Dungeon |   6534 |   6159 |    375 |    673 |   3799 |   8 |  816.8 |
        Temple |     85 |     70 |     15 |      0 |      0 |   1 |   85.0 |
               +--------+--------+--------+--------+--------+-----+--------+

Top non-repeatable levels by time:
     D:6: 1381 daAuts
     D:3: 1106 daAuts
     D:2: 1034 daAuts
     D:7: 958 daAuts
     D:4: 786 daAuts
     D:1: 708 daAuts
     D:5: 470 daAuts
     D:8: 86 daAuts
  Temple: 85 daAuts
